 Dungeon Crawl Stone Soup version 0.22-a0-596-gfbd32a6 (webtiles) character file.

319 iamserjio the Chopper (level 6, -3/48 HPs)
             Began as a Demonspawn Berserker on July 5, 2018.
             Was a Believer of Trog.
             Slain by an ogre
             ... wielding a +0 giant spiked club
              (27 damage)
             ... on level 5 of the Dungeon.
             The game lasted 00:05:58 (736 turns).

iamserjio the Chopper (Demonspawn Berserker)         Turns: 736, Time: 00:05:59

Health: -3/48      AC:  7    Str: 19    XL:     6   Next: 21%
Magic:  6/6        EV:  8    Int:  9    God:    Trog [**....]
Gold:   53         SH:  8    Dex: 12    Spells: 5/5 levels left

rFire    . . .     SeeInvis .   q - +0 war axe
rCold    + . .     Gourm    .   g - +0 shield
rNeg     . . .     Faith    .   d - +0 ring mail
rPois    .         Spirit   .   (no helmet)
rElec    .         Reflect  .   (no cloak)
rCorr    .         Harm     .   (no gloves)
MR       .....                  (no boots)
Stlth    ..........             (no amulet)
HPRegen  0.16/turn              t - ring of protection from cold
MPRegen  0.10/turn              (no ring)

@: berserk cooldown
A: hooves 1, thin metallic scales 1, spiny 1
a: Berserk, Trog's Hand, Renounce Religion


You were on level 5 of the Dungeon.
You worshipped Trog.
Trog was pleased with you.
You were not hungry.

You visited 1 branch of the dungeon, and saw 5 of its levels.

You collected 53 gold pieces.

Inventory:

Hand Weapons
 a - a +0 hand axe
 q - a +0 war axe (weapon)
Missiles
 f - 7 tomahawks (quivered)
Armour
 b - a +0 animal skin
 d - a +0 ring mail (worn)
 g - a +0 shield (worn)
Jewellery
 t - a ring of protection from cold (left hand)
Wands
 o - a wand of flame (25)
Scrolls
 e - a scroll of enchant armour {unknown}
 h - 3 scrolls of identify {unknown}
 k - a scroll of noise {unknown}
 m - a scroll of magic mapping {unknown}
 r - a scroll of fear {unknown}
Potions
 i - a potion of agility {unknown}
 l - a potion of cancellation
 n - a potion of heal wounds
 p - 2 potions of flight {unknown}
 s - a potion of mutation {unknown}
Comestibles
 c - 4 rations
 j - 4 chunks of flesh


   Skills:
 + Level 4.0 Fighting
 * Level 4.4 Axes
 + Level 3.0 Armour
 - Level 1.7 Dodging
 * Level 2.5 Shields


You had 5 spell levels left.
You didn't know any spells.
Your spell library was empty.

Dungeon Overview and Level Annotations

Branches:
Dungeon (5/15)
 Temple: D:4-7

Altars:
Hepliaklqana
Okawaru
Vehumet
Xom


Innate Abilities, Weirdness & Mutations

You have large cloven feet.
You are partially covered in thin metallic scales. (AC +2)
You are partially covered in sharp spines.


Message History

You butcher the jackal corpse.
You feel sick.
j - 5 chunks of flesh (gained 2)
There isn't anything here!
You feel sick.
You see here a jackal corpse.
You butcher the jackal corpse.
Some of the chunks of flesh in your inventory have rotted away.
j - 5 chunks of flesh (gained 3) Eat one of 5 chunks of flesh? (ye/n/q)
You eat one of the 5 chunks of flesh.
This raw flesh tastes terrible.
You feel yourself speed up.
You feel sick.
You feel sick.
You are no longer poisoned.
An ogre comes into view. It is wielding a giant spiked club.
The ogre shouts!
You barely miss the ogre. The ogre is struck by your spines.
The ogre hits you with a giant spiked club!!
Ouch! That really hurt!
You die...

###########
#.........# #######
#.........# #.....#
#.........###.....#
#.......@O...#
#)).....#.......
######..†.....#......
........).....+......
#####.#.......# .....
#+#.†.<...# #####
............#
............#
#.....#......>..


You could see an ogre.

Vanquished Creatures
  A necrophage (D:5)
  2 hounds
  An orc priest (D:5)
  Ijyb (D:4)
  A worker ant (D:4)
  5 adders
  An ooze (D:4)
  3 dart slugs (D:2)
  4 orcs
  A giant cockroach (D:4)
  2 goblins
  5 hobgoblins
  6 jackals
  A kobold (D:1)
  2 quokkas (D:2)
  2 bats
  2 frilled lizards (D:2)
  A quokka skeleton (D:4)
  3 rats (D:1)
44 creatures vanquished.

Vanquished Creatures (others)
  A hobgoblin (D:2)
1 creature vanquished.

Grand Total: 45 creatures vanquished

Notes
Turn   | Place    | Note
-------+----------+-------------------------------------------
     0 | D:1      | iamserjio the Demonspawn Berserker began the quest for the Orb.
     0 | D:1      | Reached XP level 1. HP: 18/18 MP: 1/1
    12 | D:1      | Noticed a minotaur zombie
    56 | D:2      | Gained mutation: You have large cloven feet. [demonic ancestry]
    56 | D:2      | Reached XP level 2. HP: 18/24 MP: 2/2
   213 | D:2      | Reached XP level 3. HP: 20/29 MP: 3/3
   401 | D:4      | Noticed Ijyb
   401 | D:4      | HP: 1/29 [Ijyb/wand of flame (28) (8)]
   408 | D:4      | Killed Ijyb
   408 | D:4      | Gained mutation: You are partially covered in thin metallic scales. (AC +2) [demonic ancestry]
   408 | D:4      | Reached XP level 4. HP: 26/35 MP: 4/4
   426 | D:4      | Reached skill level 1 in Shields
   441 | D:4      | Reached ** piety under Trog
   539 | D:4      | Gained mutation: You are partially covered in sharp spines. [demonic ancestry]
   539 | D:4      | Reached XP level 5. HP: 15/42 MP: 5/5
   545 | D:4      | Found a radiant altar of Vehumet.
   570 | D:4      | Found an iron altar of Okawaru.
   676 | D:4      | Found a shimmering altar of Xom.
   677 | D:4      | Found a hazy altar of Hepliaklqana.
   677 | D:4      | Noticed a hell beast
   678 | D:4      | Noticed a hell beast
   678 | D:4      | Noticed a spectral ugly thing
   694 | D:5      | Entered Level 5 of the Dungeon
   694 | D:5      | Noticed a necrophage
   701 | D:5      | Killed a necrophage
   701 | D:5      | Reached XP level 6. HP: 48/48 MP: 6/6
   736 | D:5      | Slain by an ogre

Vault maps used:
D:1:      shiori_arrival_whats_in_store_for_you
D:2:      first_ration, grunt_ministairs_6, minmay_rat_hole
D:4:      cheibrodos_thug_alley, regret_index_temple_of_mockery,
          fiery_altar_vehumet, serial_shops, shop_statue,
          okawaru_ov_weapons_minmay, uniq_menkaure, uniq_ijyb, uniq_duvessa
D:5:      grunt_gozag_breadcrumbs, minmay_temple_entry_crystal_x,
          minmay_lizard_king

Skill      XL: |  1  2  3  4  5  6 |
---------------+-------------------+-----
Axes           | 3 4 |  4.4
Armour         | 2 3 |  3.0
Shields        | 1 2 |  2.5
Fighting       | 4 |  4.0
Dodging        | |  1.7

Action                   |  1- 3 |  4- 6 || total
-------------------------+-------+-------++-------
Melee: Hand axe          |    50 |    12 ||    62
       Kick              |     8 |    19 ||    27
       War axe           |       |    36 ||    36
Invok: Berserk           |     4 |     2 ||     6
       Trog's Hand       |       |     1 ||     1
  Use: Potion            |     2 |       ||     2
 Stab: Sleeping          |     1 |       ||     1
  Eat: Chunk             |     1 |     4 ||     5
Armor: Ring mail         |    17 |    27 ||    44
Dodge: Dodged            |    29 |    24 ||    53
Block: Shield            |     2 |    31 ||    33

Table legend:
 A = Spawn XP
 B = Non-spawn XP
 C = Spawn XP percentage of total XP
 D = Spawn monster count
 E = Non-spawn monster count
 F = Spawn count percentage of total count
 G = Total turns spent on level
                    A         B        C        D         E        F      G
               +---------+---------+-------+---------+---------+-------+---------
         Total |       0 |     456 |   0.0 |       0 |      44 |   0.0 |   736
               +---------+---------+-------+---------+---------+-------+---------
           D:1 |       0 |      14 |   0.0 |       0 |       9 |   0.0 |    84
           D:2 |       0 |      37 |   0.0 |       0 |      11 |   0.0 |   182
           D:3 |       0 |      18 |   0.0 |       0 |       3 |   0.0 |   164
           D:4 |       0 |     153 |   0.0 |       0 |      10 |   0.0 |   264
           D:5 |       0 |     234 |   0.0 |       0 |      11 |   0.0 |    42
               +---------+---------+-------+---------+---------+-------+---------
